 Dungeon Crawl Stone Soup version 0.24-a0-275-g6f7e2cb (webtiles) character file.

Game seed: 4561022982218073608

102 nikopol the Firebug (level 4, -6/24 HPs)
             Began as a Deep Elf Fire Elementalist on Apr 28, 2019.
             Mangled by Crazy Yiuf
             ... wielding a +4 quarterstaff of chaos
              (14 damage)
             ... while paralysed by Crazy Yiuf
             ... on level 2 of the Dungeon.
             The game lasted 00:06:52 (2196 turns).

nikopol the Firebug (Deep Elf Fire Elementalist)    Turns: 2196, Time: 00:06:52

Health: -6/24      AC:  3    Str:  5    XL:     4   Next: 50%
Magic:  6/11       EV:  2    Int: 21    God:
Gold:   126        SH:  0    Dex: 15    Spells: 0/10 levels left

rFire    . . .     SeeInvis .   l - +2 dagger (drain)
rCold    . . .     Gourm    .   (no shield)
rNeg     . . .     Faith    .   a - +0 robe
rPois    .         Spirit   .   (no helmet)
rElec    .         Reflect  .   (no cloak)
rCorr    .         Harm     .   o - +0 pair of gloves
MR       .....                  (no boots)
Stlth    ++........             (no amulet)
HPRegen  0.08/turn              (no ring)
MPRegen  0.12/turn              (no ring)

@: paralysed, very slightly contaminated
A: no striking features
a: no special abilities


You were on level 2 of the Dungeon.
You were not hungry.

You visited 1 branch of the dungeon, and saw 2 of its levels.

You collected 126 gold pieces.

Inventory:

Hand Weapons
 h - a +0 dagger
 l - a +2 dagger of draining (weapon)
 n - a cursed -3 dagger
Armour
 a - a +0 robe (worn)
 o - a +0 pair of gloves (worn)
Scrolls
 b - 2 scrolls of teleportation {unknown}
 d - 2 scrolls of remove curse {unknown}
 g - 2 scrolls of identify {unknown}
 i - a scroll of amnesia {unknown}
 j - 2 scrolls of fog {unknown}
 k - a scroll of noise {unknown}
Potions
 e - a potion of cancellation {unknown}
 f - a potion of magic {unknown}
Comestibles
 c - a ration


   Skills:
 + Level 2.7 Dodging
 + Level 2.7 Stealth
 + Level 3.9 Spellcasting
 + Level 2.4 Conjurations
 + Level 4.6 Fire Magic


You couldn't memorise any spells.
You knew the following spells:

 Your Spells              Type           Power        Failure   Level  Hunger
a - Flame Tongue          Conj/Fire      ###..        2%          1    None
b - Throw Flame           Conj/Fire      ###...       4%          2    #......
c - Conjure Flame         Conj/Fire      ###.....     9%          3    ###....
d - Sticky Flame          Conj/Fire      ###.....     28%         4    ####...

Your spell library contained the following spells:

 Spells                   Type           Power        Failure   Level  Hunger
 Inner Flame              Hex/Fire       ##......     14%         3    ###....
 Fireball                 Conj/Fire      ###.......   61%         5    ######.


Dungeon Overview and Level Annotations

Branches:
Dungeon (2/15)

Altars:
The Shining One

Annotations:
D:2 Crazy Yiuf, Sigmund


Message History

Aiming: Flame Tongue (safe; 2% risk of failure)
Press: ? - help, Shift-Dir - straight line, f - Crazy Yiuf
Aim: Crazy Yiuf, wielding a +4 quarterstaff of chaos and wearing a +1 cloak The flame tongue misses Crazy Yiuf.
Crazy Yiuf misses you.
Casting: Flame Tongue (safe; 2% risk of failure)
Confirm with . or Enter, or press ? or * to list all spells.
Aiming: Flame Tongue (safe; 2% risk of failure)
Press: ? - help, Shift-Dir - straight line, f/p - Crazy Yiuf
Aim: Crazy Yiuf, wielding a +4 quarterstaff of chaos and wearing a +1 cloak The flame tongue hits Crazy Yiuf.
Crazy Yiuf is lightly wounded.
Crazy Yiuf hits you with a +4 quarterstaff of chaos!
You suddenly lose the ability to move!
Crazy Yiuf hits you with a +4 quarterstaff of chaos!
Crazy Yiuf draws strength from your wounds!
Crazy Yiuf laughs, "Ghoul!
Citrus agre action."
Crazy Yiuf hits you but does no damage.
Crazy Yiuf hits you with a +4 quarterstaff of chaos!
Ouch! That really hurt!
You die...

..#####..........###...##........
..# #....####### ######.#######
#.# ###### ####.# # #.# #####
#....# # #.# #)..# ###### ## #.#
#...# #. #.# ... #. #.# #g# #.
#.########## ♣@♣♣ ###########.
#..>.......# ♣♣.♣ #...........
############ ♣.♣♣ #.########## #
♣♣.♣ #.# # ♣♣.♣♣ #.# # ♣♣P..♣ #.#
# #### ♣PP.P♣ #.# #########..#
#....# #.### ...........####....#
#...# ######


You could see Crazy Yiuf.

Vanquished Creatures
  Natasha (twice) (D:2)
  2 adders (D:2)
  A worm (D:2)
  A dart slug (D:2)
  2 leopard geckos
  5 bats
  3 giant cockroaches (D:1)
  4 goblins
  3 hobgoblins
  5 kobolds
  2 rats
30 creatures vanquished.

Notes
Turn   | Place    | Note
-------+----------+-------------------------------------------
     0 | D:1      | nikopol the Deep Elf Fire Elementalist began the quest for
                  | the Orb.
     0 | D:1      | Reached XP level 1. HP: 10/10 MP: 6/6
   226 | D:1      | Reached XP level 2. HP: 15/15 MP: 5/8
   828 | D:2      | Reached skill level 4 in Fire Magic
   832 | D:2      | Reached XP level 3. HP: 5/19 MP: 3/10
  1094 | D:2      | Found a glowing golden altar of the Shining One.
  1145 | D:2      | Found a faded altar of an unknown god.
  1358 | D:2      | Noticed Sigmund
  1366 | D:2      | Learned a level 2 spell: Throw Flame
  1370 | D:2      | Learned a level 3 spell: Conjure Flame
  1676 | D:2      | Noticed Natasha
  1702 | D:2      | Killed Natasha
  1702 | D:2      | Reached XP level 4. HP: 2/24 MP: 4/11
  1711 | D:1      | Learned a level 4 spell: Sticky Flame
  2080 | D:2      | Noticed Natasha
  2087 | D:2      | Killed Natasha
  2186 | D:2      | Found a runed translucent door.
  2187 | D:2      | Noticed Crazy Yiuf
  2193 | D:2      | Paralysed by Crazy Yiuf for 5 turns
  2196 | D:2      | Mangled by Crazy Yiuf

Levels and vault maps discovered:
D:1:      dpeg_arrival_arbitrary_c, layout_loops_ring, dk_noncrumbling_3,
          hangedman_feature_mirror
D:2:      layout_loops_ring, chequers_ecumenical_altar_island, first_ration,
          nicolae_tso_carved_into_rock, uniq_crazy_yiuf_cottage, uniq_natasha,
          uniq_sigmund

Skill      XL: |  1  2  3 |
---------------+----------+-----
Fire Magic     | 4 |  4.6
Conjurations   | 2 |  2.4
Dodging        | |  2.7
Stealth        | |  2.7
Spellcasting   | |  3.9

Action                   |  1- 3 |  4- 6 || total
-------------------------+-------+-------++-------
Melee: Dagger            |     1 |       ||     1
 Cast: Flame Tongue      |    54 |     8 ||    62
       Conjure Flame     |     1 |       ||     1
       Throw Flame       |     1 |       ||     1
  Eat: Chunk             |     2 |     2 ||     4
Armor: Robe              |     7 |       ||     7
Dodge: Dodged            |    10 |     2 ||    12

Table legend:
 A = Non-vault XP
 B = Vault XP
 C = Vault XP percentage of total XP
 D = Non-vault monster count
 E = Vault monster count
 F = Vault count percentage of total count
                 A         B        C        D         E       F
            +---------+---------+-------+---------+---------+-------
      Total |     114 |      33 |  22.4 |      29 |       1 |   3.3
            +---------+---------+-------+---------+---------+-------
        D:1 |      31 |       0 |   0.0 |      17 |       0 |   0.0
        D:2 |      83 |      33 |  28.4 |      12 |       1 |   7.7
            +---------+---------+-------+---------+---------+-------
